 Dungeon Crawl Stone Soup version 0.27.1 (webtiles) character file.

Game seed: 5924549610353611380

168 ZARRMARR the Chiller (level 5, -2/35 HPs)
             Began as a Merfolk Ice Elementalist on Aug 28, 2021.
             Slain by a wyvern zombie (12 damage)
             ... on level 3 of the Dungeon.
             The game lasted 00:14:07 (3519 turns).

ZARRMARR the Chiller (Merfolk Ice Elementalist)     Turns: 3519, Time: 00:14:08

Health: -2/35      AC:  2    Str: 14    XL:     5   Next: 49%
Magic:  10/10      EV: 13    Int: 16    God:
Gold:   168        SH:  0    Dex: 14    Spells: 10/11 levels left

rFire    . . .     SeeInvis .   d - +0 spear
rCold    . . .     Faith    .   (no shield)
rNeg     . . .     Spirit   .   a - +0 robe
rPois    .         Reflect  .   (no helmet)
rElec    .         Harm     .   (no cloak)
rCorr    .         Rampage  .   (no gloves)
Will     .....                  (no boots)
Stlth    ++........             (no amulet)
HPRegen  0.11/turn              g - +6 ring of strength
MPRegen  0.12/turn              (no ring)

@: mighty
A: (nimble swimmer 2), mertail
a: no special abilities


You were on level 3 of the Dungeon.
You visited 1 branch of the dungeon, and saw 3 of its levels.

You collected 168 gold pieces.

Inventory:

Hand Weapons
 d - a +0 spear (weapon)
Missiles
 e - 4 silver boomerangs
 f - 3 stones
 h - a javelin (quivered)
Armour
 a - a +0 robe (worn)
Jewellery
 g - a +6 ring of strength (left hand)
Scrolls
 j - a scroll of immolation
Potions
 c - a potion of flight
 i - 2 potions of resistance


   Skills:
 + Level 1.2 Polearms
 + Level 3.5 Dodging
 - Level 2.1 Stealth
 + Level 3.5 Spellcasting
 - Level 5.7 Ice Magic


You had 10 spell levels left.
You knew the following spells:

 Your Spells              Type           Power      Damage    Failure   Level
a - Freeze                Ice            84%        1d10      1%          1

Your spell library contained the following spells:

 Spells                   Type           Power      Damage    Failure   Level
 Frozen Ramparts          Ice            42%        1d6       4%          3
 Ozocubu's Armour         Ice            21%        N/A       4%          3
 Hailstorm                Conj/Ice       12%        3d5       47%         4
 Ice Form                 Ice/Tmut       12%        N/A       47%         4
 Summon Ice Beast         Ice/Summ       12%        N/A       47%         4


Dungeon Overview and Level Annotations

Branches:
Dungeon (3/15)

Altars:
Xom


Innate Abilities, Weirdness & Mutations

((You are quick and stealthy near water. (Stealth+, EV+, Speed+++)))
Your lower body shifts to a powerful aquatic tail in water.


Message History

You can't see any susceptible monsters within range! (Use Z to cast anyway.) Unknown command.
Unknown command.
Reach: d) +0 spear
Press: ? - help, Dir - move target, f/p - wyvern zombie
Aim: a wyvern zombie (lightly damaged, about 21% to evade your +0 spear)
You reach to attack!
You hit the wyvern zombie.
The wyvern zombie is moderately damaged.
Unknown command.
You hit the wyvern zombie but do no damage.
The wyvern zombie is moderately damaged.
The wyvern zombie closely misses you.
You hit the wyvern zombie but do no damage.
The wyvern zombie is moderately damaged.
The wyvern zombie closely misses you. The wyvern zombie misses you.
You completely miss the wyvern zombie.
The wyvern zombie is moderately damaged.
The wyvern zombie barely misses you.
You hit the wyvern zombie but do no damage.
The wyvern zombie is moderately damaged.
The wyvern zombie bites you! The wyvern zombie closely misses you.
You hit the wyvern zombie.
The wyvern zombie is moderately damaged.
The wyvern zombie closely misses you.
You hit the wyvern zombie but do no damage.
The wyvern zombie is moderately damaged.
The wyvern zombie bites you. The wyvern zombie barely misses you.
You feel very mighty all of a sudden. The wyvern zombie bites you.
You hit the wyvern zombie.
The wyvern zombie is heavily damaged.
The wyvern zombie barely misses you.
You hit the wyvern zombie.
The wyvern zombie is heavily damaged.
The wyvern zombie bites you. The wyvern zombie bites you!
* * * LOW HITPOINT WARNING * * *
You hit the wyvern zombie.
The wyvern zombie is severely damaged.
The wyvern zombie bites you!
You die...

.# #.#.# >#
#.#># #.(.
######.#.#
#...
.......#.#
#..#
########.#
#!.# #.#
#..# #.#
#..#
#.#######..#
#........@.#
##########Z#
.# .# (. ##


You could see a wyvern zombie.

Vanquished Creatures
  A jelly (D:3)
  An orc wizard (D:3)
  3 adders
  2 worms (D:2)
  4 orcs (D:3)
  10 endoplasms
  2 giant cockroaches
  7 goblins
  7 jackals
  3 quokkas (D:1)
  9 ball pythons
  8 bats
  8 frilled lizards
  7 kobolds
  2 rats (D:1)
74 creatures vanquished.

Vanquished Creatures (others)
  16 plants (D:2)
16 creatures vanquished.

Grand Total: 90 creatures vanquished

Notes
Turn   | Place    | Note
-------+----------+-------------------------------------------
     0 | D:1      | ZARRMARR the Merfolk Ice Elementalist began the quest for
                  | the Orb.
     0 | D:1      | Reached XP level 1. HP: 13/13 MP: 3/3
   186 | D:1      | Reached XP level 2. HP: 19/19 MP: 3/5
   359 | D:1      | Reached skill level 5 in Ice Magic
   632 | D:1      | Reached XP level 3. HP: 6/24 MP: 0/6
   939 | D:1      | Found a faded altar of an unknown god.
  1746 | D:2      | Reached XP level 4. HP: 30/30 MP: 8/8
  2860 | D:3      | Reached XP level 5. HP: 16/35 MP: 5/9
  3053 | D:3      | Reached skill level 1 in Polearms
  3323 | D:3      | Found a shimmering altar of Xom.
  3519 | D:3      | Slain by a wyvern zombie

Illustrated notes

Levels and vault maps discovered:
D:1:      saegor_arrival_simple_a, layout_loops_ring,
          ebering_ecumenical_altar_mist, chequers_decorated_corner,
          minmay_pentomino_w4
D:2:      layout_basic, serial_forest, infiniplex_forest_end_2,
          infiniplex_forest_straight_1, infiniplex_forest_end_1,
          infiniplex_forest_clump_tiny, infiniplex_forest_straight_3,
          infiniplex_forest_zigzag_1, infiniplex_forest_clump_C,
          infiniplex_forest_end_double
D:3:      layout_basic, marbit_many_paths, kennysheep_nondescript, uniq_grinder

Skill      XL: |  1  2  3  4  5 |
---------------+----------------+-----
Ice Magic      | 5 |  5.7
Dodging        | 3 |  3.5
Spellcasting   | 3 |  3.5
Polearms       | 1 |  1.2
Stealth        | |  2.1

Action                   |  1- 3 |  4- 6 || total
-------------------------+-------+-------++-------
Melee: Dagger            |    48 |       ||    48
       Spear             |       |    30 ||    30
Throw: Stone             |    13 |    13 ||    26
       Javelin           |    21 |    26 ||    47
       Boomerang         |       |     3 ||     3
 Cast: Freeze            |    37 |    40 ||    77
  Use: Potion            |     1 |     1 ||     2
       Scroll            |     3 |     3 ||     6
 Stab: Sleeping          |     2 |     2 ||     4
Armor: Robe              |    18 |     3 ||    21
Dodge: Dodged            |    55 |    19 ||    74
